TOP OF THE 1ST |
Oceanside Swamp Foxes batting - Pitching for Matane Serpents : RHP Juan Villa
|
Pitching: RHP Juan Villa
|
|
Batting: SHB Alberto Sandoval
|
0-0: Ball 1-0: Fly out, F7 (Flyball, 7LM)
|
Batting: SHB David Boyle
|
0-0: Ball 1-0: Called Strike 1-1: Foul Ball, location: 2F 1-2: Strikes out swinging
|
Batting: LHB Hamilton Hughes
|
0-0: Foul Ball, location: 2F 0-1: SINGLE (Line Drive, 6MD)
|
Batting: SHB Tony Yan
|
0-0: Called Strike 0-1: Foul Ball, location: 2F 0-2: Ball 1-2: Foul Ball, location: 2F 1-2: Foul Ball, location: 2F 1-2: SINGLE (Groundball, 5D) Hamilton Hughes to second
|
Batting: RHB Rob Turner
|
0-0: Called Strike 0-1: Fly out, F8 (Flyball, 8LM)
|
Top of the 1st over - 0 run(s), 2 hit(s), 0 error(s), 2 left on base; Oceanside 0 - Matane 0 |
BOTTOM OF THE 1ST |
Matane Serpents batting - Pitching for Oceanside Swamp Foxes : LHP Gabriel Rodríguez
|
Pitching: LHP Gabriel Rodríguez
|
|
Batting: RHB Donovan James
|
0-0: Foul Ball, location: 2F 0-1: Foul Ball, location: 2F 0-2: Fly out, F9 (Flyball, 89S)
|
Batting: LHB Enrique Cruz
|
0-0: Ball 1-0: Called Strike 1-1: Ball 2-1: SINGLE (Groundball, 4M)
|
Batting: RHB Marvin Johnson
|
0-0: Ball 1-0: Ball 2-0: Ball 3-0: Base on Balls Enrique Cruz to second
|
Batting: LHB John Fitzgerald
|
0-0: Foul Ball, location: 2F 0-1: Ball 1-1: Ball 2-1: Foul Ball, location: 2F 2-2: Ball 3-2: Strikes out swinging
|
Batting: RHB Jody Díaz
|
0-0: Ground out 4-3 (Groundball, 4)
|
Bottom of the 1st over - 0 run(s), 1 hit(s), 0 error(s), 2 left on base; Oceanside 0 - Matane 0 |
TOP OF THE 2ND |
Oceanside Swamp Foxes batting - Pitching for Matane Serpents : RHP Juan Villa
|
Batting: LHB Clinton O'Brien
|
0-0: Swinging Strike 0-1: Ball 1-1: Foul Ball, location: 2F 1-2: Foul Ball, location: 2F 1-2: Ball 2-2: Foul Ball, location: 2F 2-2: Strikes out swinging
|
Batting: RHB Joe Brinkman
|
0-0: Ball 1-0: Ball 2-0: Ball 3-0: Base on Balls
|
Batting: RHB Júlio Rodríguez
|
0-0: Ball 1-0: Ball 2-0: Fly out, F4 (Line Drive, 4M)
|
Batting: SHB Dale Winters
|
0-0: Swinging Strike 0-1: Swinging Strike 0-2: Ball 1-2: Ball 2-2: Ball 3-2: Strikes out swinging
|
Top of the 2nd over - 0 run(s), 0 hit(s), 0 error(s), 1 left on base; Oceanside 0 - Matane 0 |
BOTTOM OF THE 2ND |
Matane Serpents batting - Pitching for Oceanside Swamp Foxes : LHP Gabriel Rodríguez
|
Batting: LHB Allen Boyd
|
0-0: Swinging Strike 0-1: Ball 1-1: DOUBLE (Line Drive, 9LS)
|
Batting: RHB Wayne Carter
|
0-0: Ball 1-0: Foul Ball, location: 2F 1-1: Foul Ball, location: 2F 1-2: DOUBLE (Line Drive, 9LS) Allen Boyd scores
|
Batting: RHB Ricardo López
|
0-0: Ball 1-0: Fly out, F9 (Flyball, 89S)
|
Batting: LHB William Foley
|
0-0: Ball 1-0: Foul Ball, location: 2F 1-1: Fly out, F8 (Flyball, 8LS)
|
Batting: RHB Donovan James
|
0-0: Called Strike 0-1: Ground out 6-3 (Groundball, 6)
|
Bottom of the 2nd over - 1 run(s), 2 hit(s), 0 error(s), 1 left on base; Oceanside 0 - Matane 1 |
TOP OF THE 3RD |
Oceanside Swamp Foxes batting - Pitching for Matane Serpents : RHP Juan Villa
|
Batting: SHB Alberto Sandoval
|
0-0: Swinging Strike 0-1: Foul Ball, location: 2F 0-2: Ball 1-2: Reached on Error, E9 (Flyball, 89M)
|
Batting: SHB David Boyle
|
0-0: Called Strike 0-1: DOUBLE (Line Drive, 7LS) Alberto Sandoval to third
|
Batting: LHB Hamilton Hughes
|
0-0: Called Strike 0-1: Ball 1-1: Foul Ball, location: 2F 1-2: Fly out, F9 (Flyball, 9S)
|
Batting: SHB Tony Yan
|
0-0: Called Strike 0-1: Ball 1-1: Fly out, F7 (Popup, 56D)
|
Batting: RHB Rob Turner
|
0-0: Ball 1-0: Ball 2-0: Ball 3-0: Called Strike 3-1: Foul Ball, location: 2F 3-2: Base on Balls
|
Batting: LHB Clinton O'Brien
|
0-0: Called Strike 0-1: SINGLE (Flyball, 78S) Alberto Sandoval scores David Boyle to third Rob Turner to second Runner from 3rd tries for Home, SAFE, no throw or cutoff
|
Batting: RHB Joe Brinkman
|
0-0: Ground out 4-3 (Groundball, 4)
|
Top of the 3rd over - 2 run(s), 2 hit(s), 1 error(s), 2 left on base; Oceanside 2 - Matane 1 |
BOTTOM OF THE 3RD |
Matane Serpents batting - Pitching for Oceanside Swamp Foxes : LHP Gabriel Rodríguez
|
Batting: LHB Enrique Cruz
|
0-0: Swinging Strike 0-1: Ball 1-1: Swinging Strike 1-2: Ball 2-2: Ball 3-2: Fly out, F8 (Flyball, 8LM)
|
Batting: RHB Marvin Johnson
|
0-0: Ball 1-0: Ball 2-0: Ground out 5-3 (Groundball, 5)
|
Batting: LHB John Fitzgerald
|
0-0: Ball 1-0: Foul Ball, location: 2F 1-1: SINGLE (Groundball, 34)
|
Batting: RHB Jody Díaz
|
0-0: Ball 1-0: Called Strike 1-1: Ball 2-1: Foul Ball, location: 2F 2-2: Ball 3-2: Fly out, F8 (Flyball, 8LM)
|
Bottom of the 3rd over - 0 run(s), 1 hit(s), 0 error(s), 1 left on base; Oceanside 2 - Matane 1 |
TOP OF THE 4TH |
Oceanside Swamp Foxes batting - Pitching for Matane Serpents : RHP Juan Villa
|
Batting: RHB Júlio Rodríguez
|
0-0: Called Strike 0-1: Ball 1-1: Ball 2-1: Ground out 5-3 (Groundball, 5)
|
Batting: SHB Dale Winters
|
0-0: Called Strike 0-1: Ball 1-1: Ball 2-1: Swinging Strike 2-2: SINGLE (Groundball, 15S) (infield hit)
|
Batting: SHB Alberto Sandoval
|
0-0: Ball Dale Winters is caught stealing 2nd base 1-0: Fly out, F7 (Flyball, 7LS)
|
Top of the 4th over - 0 run(s), 1 hit(s), 0 error(s), 0 left on base; Oceanside 2 - Matane 1 |
BOTTOM OF THE 4TH |
Matane Serpents batting - Pitching for Oceanside Swamp Foxes : LHP Gabriel Rodríguez
|
Batting: LHB Allen Boyd
|
0-0: Called Strike 0-1: Foul Ball, location: 2F 0-2: Ball 1-2: Ball 2-2: Ball 3-2: Foul Ball, location: 2F 3-2: Ground out 4-3 (Groundball, 4)
|
Batting: RHB Wayne Carter
|
0-0: Ball 1-0: Foul Ball, location: 2F 1-1: Fly out, F9 (Flyball, 89M)
|
Batting: RHB Ricardo López
|
0-0: Called Strike 0-1: Foul Ball, location: 2F 0-2: Ball 1-2: Ball 2-2: Ground out 6-3 (Groundball, 6)
|
Bottom of the 4th over - 0 run(s), 0 hit(s), 0 error(s), 0 left on base; Oceanside 2 - Matane 1 |
TOP OF THE 5TH |
Oceanside Swamp Foxes batting - Pitching for Matane Serpents : RHP Juan Villa
|
Batting: SHB David Boyle
|
0-0: Called Strike 0-1: Fly out, F8 (Line Drive, 8LM)
|
Batting: LHB Hamilton Hughes
|
0-0: Ball 1-0: Fly out, F9 (Flyball, 9M)
|
Batting: SHB Tony Yan
|
0-0: Foul Ball, location: 2F 0-1: Swinging Strike 0-2: Ball 1-2: Foul Ball, location: 2F 1-2: Ground out U3 (Groundball, 3L)
|
Top of the 5th over - 0 run(s), 0 hit(s), 0 error(s), 0 left on base; Oceanside 2 - Matane 1 |
BOTTOM OF THE 5TH |
Matane Serpents batting - Pitching for Oceanside Swamp Foxes : LHP Gabriel Rodríguez
|
Batting: LHB William Foley
|
0-0: Called Strike 0-1: Foul Ball, location: 2F 0-2: Ball 1-2: Ball 2-2: Ground out 1-3 (Groundball, 2L)
|
Batting: RHB Donovan James
|
0-0: Called Strike 0-1: Swinging Strike 0-2: Ball 1-2: Foul Ball, location: 2F 1-2: Ball 2-2: Ball 3-2: SINGLE (Groundball, 56D)
|
Batting: LHB Enrique Cruz
|
0-0: Called Strike Donovan James steals 2nd base 0-1: Foul Ball, location: 2F 0-2: Ball 1-2: Ball 2-2: Ball 3-2: Foul Ball, location: 2F 3-2: Foul Ball, location: 2F 3-2: Foul Ball, location: 2F 3-2: SINGLE (Groundball, 6M) Donovan James to third Runner from 3rd tries for Home, SAFE, no throw or cutoff
|
Pitching: RHP Pepe Torres
|
|
Batting: RHB Marvin Johnson
|
0-0: Called Strike 0-1: Ball 1-1: Foul Ball, location: 2F 1-2: Ball 2-2: Foul Ball, location: 2F 2-2: Strikes out swinging
|
Batting: LHB John Fitzgerald
|
0-0: Ball 1-0: Ball 2-0: Ground out 6-3 (Groundball, 6MS)
|
Bottom of the 5th over - 1 run(s), 2 hit(s), 0 error(s), 1 left on base; Oceanside 2 - Matane 2 |
TOP OF THE 6TH |
Oceanside Swamp Foxes batting - Pitching for Matane Serpents : RHP Juan Villa
|
Batting: RHB Rob Turner
|
0-0: Called Strike 0-1: SINGLE (Groundball, 56D) (infield hit)
|
Pitching: LHP Don MacKinlay
|
|
Batting: LHB Clinton O'Brien
|
0-0: Ball 1-0: Ball 2-0: Called Strike 2-1: Swinging Strike 2-2: Ball 3-2: Foul Ball, location: 2F 3-2: Strikes out swinging
|
Batting: RHB Joe Brinkman
|
0-0: Ball Throwing error on steal attempt, E2 Rob Turner to third 1-0: Called Strike 1-1: Swinging Strike 1-2: Ball 2-2: Strikes out swinging
|
Batting: RHB Júlio Rodríguez
|
0-0: Ball 1-0: Ground out 6-3 (Groundball, 6)
|
Top of the 6th over - 0 run(s), 1 hit(s), 1 error(s), 1 left on base; Oceanside 2 - Matane 2 |
BOTTOM OF THE 6TH |
Matane Serpents batting - Pitching for Oceanside Swamp Foxes : RHP Pepe Torres
|
Batting: RHB Jody Díaz
|
0-0: Reached on error, E5 (Groundball, 5S)
|
Batting: LHB Allen Boyd
|
0-0: DOUBLE (Popup, 5D) Jody Díaz scores
|
Batting: RHB Wayne Carter
|
0-0: Intentional Walk
|
Batting: RHB Ricardo López
|
0-0: Ball 1-0: Called Strike 1-1: Ball 2-1: SINGLE (Flyball, 8LS) Allen Boyd to third Wayne Carter to second
|
Batting: LHB William Foley
|
0-0: Ball 1-0: Ball 2-0: Swinging Strike Passed Ball! Allen Boyd scores Wayne Carter to third Ricardo López to second 2-1: Swinging Strike 2-2: Fly out, F6 (Popup, 6D)
|
Batting: RHB Donovan James
|
0-0: Ball 1-0: Ground out 5-3 (Groundball, 5L)
|
Batting: LHB Enrique Cruz
|
0-0: SINGLE (Line Drive, 56D) Wayne Carter scores Ricardo López to third
|
Batting: RHB Marvin Johnson
|
0-0: Foul Ball, location: 2F 0-1: Ball 1-1: Reached on error, E3 (Groundball, 3S) Ricardo López scores Enrique Cruz to second
|
Pitching: LHP Lorenzo Guzmán
|
|
Batting: LHB John Fitzgerald
|
0-0: Called Strike 0-1: Swinging Strike 0-2: Ball 1-2: Strikes out swinging
|
Bottom of the 6th over - 4 run(s), 3 hit(s), 2 error(s), 2 left on base; Oceanside 2 - Matane 6 |
TOP OF THE 7TH |
Oceanside Swamp Foxes batting - Pitching for Matane Serpents : LHP Don MacKinlay
|
Batting: SHB Dale Winters
|
0-0: Bunt for hit - play at first, batter OUT! 2-3
|
Batting: SHB Alberto Sandoval
|
0-0: Ball 1-0: Ground out 1-3 (Groundball, 15S)
|
Batting: SHB David Boyle
|
0-0: Ball 1-0: Swinging Strike 1-1: Swinging Strike 1-2: Strikes out swinging
|
Top of the 7th over - 0 run(s), 0 hit(s), 0 error(s), 0 left on base; Oceanside 2 - Matane 6 |
BOTTOM OF THE 7TH |
Matane Serpents batting - Pitching for Oceanside Swamp Foxes : LHP Lorenzo Guzmán
|
Batting: RHB Jody Díaz
|
0-0: Called Strike 0-1: Called Strike 0-2: Foul Ball, location: 2F 0-2: Ball 1-2: Ball 2-2: Ball 3-2: Foul Ball, location: 2F 3-2: Strikes out swinging
|
Batting: LHB Allen Boyd
|
0-0: Called Strike 0-1: Ball 1-1: Ball 2-1: Fly out, F9 (Line Drive, 89XD)
|
Batting: RHB Wayne Carter
|
0-0: Foul Ball, location: 2F 0-1: Ball 1-1: DOUBLE (Line Drive, 5D)
|
Batting: RHB Ricardo López
|
0-0: Called Strike 0-1: Swinging Strike 0-2: Ball 1-2: Strikes out looking
|
Bottom of the 7th over - 0 run(s), 1 hit(s), 0 error(s), 1 left on base; Oceanside 2 - Matane 6 |
TOP OF THE 8TH |
Oceanside Swamp Foxes batting - Pitching for Matane Serpents : LHP Don MacKinlay
|
Batting: LHB Hamilton Hughes
|
0-0: Ball 1-0: Ball 2-0: Ball 3-0: Base on Balls
|
Pitching: RHP Ben Simpson
|
|
Batting: SHB Tony Yan
|
0-0: Called Strike 0-1: Ball 1-1: Foul Ball, location: 2F 1-2: Ball 2-2: Ball 3-2: Foul Ball, location: 2F 3-2: Base on Balls Hamilton Hughes to second
|
Batting: RHB Rob Turner
|
0-0: Called Strike 0-1: Foul Ball, location: 2F 0-2: Ball 1-2: Foul Ball, location: 2F 1-2: Ball 2-2: Foul Ball, location: 2F 2-2: Strikes out swinging
|
Batting: LHB Clinton O'Brien
|
0-0: Called Strike 0-1: Ball 1-1: Swinging Strike 1-2: Strikes out swinging
|
Batting: RHB Joe Brinkman
|
0-0: Ball 1-0: Swinging Strike 1-1: Ball 2-1: Ball 3-1: Called Strike 3-2: Foul Ball, location: 2F 3-2: Strikes out swinging
|
Top of the 8th over - 0 run(s), 0 hit(s), 0 error(s), 2 left on base; Oceanside 2 - Matane 6 |
BOTTOM OF THE 8TH |
Matane Serpents batting - Pitching for Oceanside Swamp Foxes : LHP Lorenzo Guzmán
|
Batting: LHB William Foley
|
0-0: Foul Ball, location: 2F 0-1: Ball 1-1: Ball 2-1: Foul Ball, location: 2F 2-2: SINGLE (Flyball, 8RS)
|
Batting: RHB Donovan James
|
0-0: Ball 1-0: Ball 2-0: Sac Bunt - play at second, runner OUT! 1-6
|
Batting: LHB Enrique Cruz
|
0-0: Called Strike 0-1: Ball 1-1: Called Strike Donovan James steals 2nd base 1-2: Foul Ball, location: 2F 1-2: Strikes out swinging
|
Batting: RHB Marvin Johnson
|
0-0: Ball 1-0: Ball 2-0: Ball 3-0: Base on Balls
|
Batting: LHB John Fitzgerald
|
0-0: Foul Ball, location: 2F 0-1: Ball 1-1: Ball 2-1: Ball 3-1: 3-RUN HOME RUN (Flyball, 89XD), Distance : 382 ft
|
Batting: RHB Jody Díaz
|
0-0: Ball 1-0: Ball 2-0: SINGLE (Flyball, 89S)
|
Batting: LHB Allen Boyd
|
0-0: Foul Ball, location: 2F 0-1: Foul Ball, location: 2F 0-2: Foul Ball, location: 2F 0-2: Ball 1-2: Foul Ball, location: 2F 1-2: Ball 2-2: Strikes out looking
|
Bottom of the 8th over - 3 run(s), 3 hit(s), 0 error(s), 1 left on base; Oceanside 2 - Matane 9 |
TOP OF THE 9TH |
Oceanside Swamp Foxes batting - Pitching for Matane Serpents : RHP Ben Simpson
|
Now at 2B: Steve Chase
|
|
Now in RF: Liam Mahoney
|
|
Batting: RHB Júlio Rodríguez
|
0-0: Ball 1-0: Ball 2-0: Foul Ball, location: 2F 2-1: Ball 3-1: Base on Balls
|
Batting: SHB Dale Winters
|
0-0: Called Strike 0-1: Ground out 3-1 (Groundball, 34) Júlio Rodríguez to second
|
Batting: SHB Alberto Sandoval
|
0-0: Swinging Strike 0-1: Foul Ball, location: 2F 0-2: Foul Ball, location: 2F 0-2: Foul Ball, location: 2F 0-2: Ball 1-2: Strikes out swinging
|
Batting: SHB David Boyle
|
0-0: Called Strike 0-1: Ball 1-1: Ball 2-1: Swinging Strike 2-2: Strikes out swinging
|
Top of the 9th over - 0 run(s), 0 hit(s), 0 error(s), 1 left on base; Oceanside 2 - Matane 9 |
|